 Dungeon Crawl Stone Soup version 0.21.1-1-g345015f (webtiles) character file.

115359 sanboga the Severer (level 16, -8/108 HPs)
             Began as a Gargoyle Berserker on May 31, 2018.
             Was the Champion of Trog.
             Mangled by a titanic slime creature (73 damage)
             ... on level 14 of the Dungeon.
             The game lasted 00:50:35 (25562 turns).

sanboga the Severer (Gargoyle Berserker)           Turns: 25562, Time: 00:50:35

Health: -8/108     AC: 34    Str: 28    XL:     16   Next: 68%
Magic:  5/5        EV:  9    Int:  8    God:    Trog [******]
Gold:   2258       SH:  2    Dex: 13    Spells: 15/15 levels left

rFire    + . .     SeeInvis +   J - +4 battleaxe (antimagic)
rCold    . . .     Gourm    .   (shield currently unavailable)
rNeg     + + .     Faith    .   A - +2 plate armour {rF+}
rPois    ∞         Spirit   .   G - +2 helmet {SInv}
rElec    +         Reflect  +   (no cloak)
rCorr    +         Harm     .   (no gloves)
MR       +....                  (no boots)
Stlth    ..........             I - amulet of Ocevu {Reflect rElec Dex+4 SH+2}
HPRegen  0.28/turn              s - ring of resist corrosion
MPRegen  0.09/turn              w - ring of positive energy

@: flying
A: big wings, negative energy resistance 1, electricity resistance, unbreathing,
petrification resistance, rot immunity, AC +12
a: Stop Flying, Berserk, Trog's Hand, Brothers in Arms, Burn Spellbooks,
Renounce Religion


You were on level 14 of the Dungeon.
You worshipped Trog.
Trog was exalted by your worship.
You were not hungry.

You visited 3 branches of the dungeon, and saw 22 of its levels.
You also visited: Labyrinth and Bailey.

You collected 2619 gold pieces.
You spent 361 gold pieces at shops.

Inventory:

Hand Weapons
 F - a +2 antimagic executioner's axe
 J - a +4 antimagic battleaxe (weapon)
Armour
 A - a +2 plate armour of fire resistance (worn)
 G - a +2 helmet of see invisible (worn)
Jewellery
 r - an uncursed ring of ice
 s - a ring of resist corrosion (left hand)
 w - a ring of positive energy (right hand)
 x - an uncursed ring of fire
 E - an uncursed amulet of regeneration {unknown}
 I - the amulet of Ocevu (around neck) {Reflect rElec Dex+4 SH+2}
   (You bought it in a shop on level 12 of the Dungeon)

   [amulet of reflection]

   It shields you and reflects attacks.
   It affects your dexterity (+4).
   It insulates you from electricity.
   It affects your SH (+2).
Wands
 e - a wand of digging (18)
 k - a wand of polymorph (44)
 m - a wand of paralysis (10)
 o - a wand of clouds (9)
 p - a wand of flame (19)
 u - a wand of acid (21)
 z - a wand of random effects (121)
 B - a wand of iceblast (33)
Scrolls
 a - a scroll of enchant armour
 f - 2 scrolls of magic mapping
 j - 4 scrolls of remove curse
 t - a scroll of blinking
 v - 2 scrolls of enchant weapon
 y - 6 scrolls of teleportation
Potions
 b - 6 potions of heal wounds
 d - 3 potions of berserk rage
 h - 2 potions of agility
 i - 9 potions of curing
 l - 7 potions of might
 q - 8 potions of mutation
 C - 4 potions of invisibility
 D - a potion of resistance
Books
 g - a book of Transfigurations

   Spells                             Type                      Level
   a - Irradiate                      Conjuration/Transmutation    5
   b - Statue Form                    Transmutation/Earth          6
   c - Hydra Form                     Transmutation                6
   d - Dragon Form                    Transmutation                7
   Trog disapproves of the use of such an item.
Comestibles
 c - 39 rations
 n - 16 chunks of flesh


   Skills:
 + Level 15.2 Fighting
 * Level 18.6 Axes
 + Level 15.1 Armour
 - Level 1.5 Dodging


You had 15 spell levels left.
You didn't know any spells.

Dungeon Overview and Level Annotations

Branches:
Dungeon (14/15)            Temple (0/1) D:4            Lair (6/6) D:8
 Shoals (0/4) Lair:2       Spider (0/4) Lair:2        Slime (0/5) Lair:5
    Orc (2/2) D:12            Elf (0/3) Orc:2
 Vaults: D:13-14

Altars:
Ashenzari
Cheibriados
Dithmenos
Elyvilon
Fedhas
Gozag
Hepliaklqana
Kikubaaqudgha
Nemelex Xobeh
Ru
Sif Muna
Trog
Vehumet
Wu Jian
Yredelemnul

Shops:
D:4 [   D:10 [   D:12 ?*}*   Orc:2 ?=*!

Portals:
Trove: D:12 (give +5 fire dragon scales)


Innate Abilities, Weirdness & Mutations

You are resistant to torment.
Your stone body is resilient. (AC +12)
You are immune to poison.
Your large and strong wings let you fly indefinitely.
You resist negative energy. (rN+)
You are resistant to electric shocks. (rElec)
You can survive without breathing.
You are immune to petrification.
You are immune to rotting.


Message History

The enormous slime creature is moderately wounded.
You hit the wyvern but do no damage. The enormous slime creature hits you!!!
The wyvern bites you but does no damage.
You hear a horrible gurgling sound!
You slash the enormous slime creature!
The enormous slime creature is heavily wounded.
You slash the wyvern!
Two slime creatures merge to form a titanic slime creature.
The wyvern bites you but does no damage.
You slash the titanic slime creature!
The titanic slime creature is moderately wounded.
You completely miss the wyvern. The wyvern bites you.
A white ugly thing comes into view.
You slice the titanic slime creature!!
The titanic slime creature is heavily wounded.
You slash the white ugly thing! You slash the wyvern!
The wyvern bites you but does no damage.
The titanic slime creature hits you!!!!
Ouch! That really hurt!
You die...

# #.........* #...######,* *
#..#####..* #...# *,* * #..# *,.*
#...# *,*** * #..# *,,* #...#
*,,,, * #..# *,,* #...# *,,,, *
#..# *,,* #...# *∩,,, * *,,*
##,,* #...# *,,,,
*****,,**##...######...# *,,,,
,,,,,,,,,.....cJ@.....(# *,,,,
,,,,,,*,,.#.#..l#u.....# *,,,,
,,,,,,,*,#...#.#.......# *,,,,
,,,,*,,,*.....#...#....# *,,,,
,,,,,*,,*.,...#..#.....# *,,,,
,,*,,,***....,###...#..# *,,,,
,,,*,,*,,#..,*,,#.u#...# *,,,,
,,,,***,,.#.*,,,###....#*****,,,,
,,,*,,,*,,,*,,,*,,,#....,,,,,,,,,


You could see 2 ugly things, a titanic slime creature, a centaur warrior and a
wyvern.

Vanquished Creatures
  2 entropy weavers (Lair:6)
  Azrael (Orc:2)
  A dire elephant (Lair:3)
  The ghost of Fang the Severer, a journeyman GrBe of Trog (Lair:5)
  The ghost of MayorMcCheese the Severer, a journeyman MiBe of Trog (D:10)
  A minotaur (Lab)
  Josephine (Lair:4)
  A vault guard (D:14)
  Fannar (D:11)
  The ghost of Rocko1345 the Protected, a journeyman DsGl of Nemelex Xobeh (D:11)
  Harold (Lair:4)
  5 hydras
  A catoblepas (Lair:3)
  Erica (Lair:1)
  8 two-headed ogres
  2 centaur warriors (D:13)
  A queen ant (Lair:6)
  5 death yaks
  5 orc high priests (Orc:2)
  Urug (D:13)
  Sonja (D:11)
  2 unseen horrors
  A lindwurm (Lair:5)
  7 orc knights
  A cyclops (D:14)
  An oklob plant (Lair:2)
  4 ugly things
  31 elephants
  4 black mambas
  A torpor snail (Lair:6)
  9 spiny frogs
  2 gargoyles (D:14)
  3 kobold demonologists
  A rime drake (Lair:4)
  5 komodo dragons
  An efreet (D:14)
  A tengu conjurer (D:13)
  The ghost of sanboga the Magician, an amateur TrVM (D:4)
  5 hornets (Lair:6)
  4 merfolk (Lair:2)
  11 polar bears
  A queen bee (D:9)
  Prince Ribbit (D:5)
  5 trolls
  21 blink frogs
  13 slime creatures
  10 hippogriffs
  11 dream sheep
  A shadow (D:11)
  Sigmund (D:5)
  A wyvern (Lair:3)
  A vampire (D:13)
  13 spriggans
  6 wraiths
  3 fire elementals (Orc:2)
  A hog (D:8)
  2 hungry ghosts
  31 yaks
  2 basilisks (Lair:2)
  A human (shapeshifter) (D:13)
  A steam dragon (Lair:2)
  5 vampire mosquitoes (D:13)
  2 wargs (Orc:1)
  Menkaure (D:4)
  10 water moccasins
  10 soldier ants (Lair:6)
  A hell hound (Orc:2)
  11 porcupines
  4 sky beasts (D:6)
  40 orc warriors
  A hornet zombie (D:14)
  An ice beast (D:14)
  4 black bears
  4 phantoms
  11 ogres
  5 boggarts (Lair:6)
  40 wolves
  20 centaurs
  2 necrophages
  8 crocodiles
  2 big kobolds
  A gnoll sergeant (D:8)
  17 bullfrogs
  A scorpion (D:7)
  18 killer bees (D:9)
  4 howler monkeys
  7 wights
  4 crimson imps
  A bullfrog zombie (D:12)
  3 bullfrog skeletons
  2 centaur zombies
  3 centaur skeletons
  6 jellies
  31 orc priests
  9 hounds
  21 orc wizards
  5 iguanas
  32 worker ants
  Natasha (thrice) (D:4)
  A killer bee zombie (D:9)
  A hound zombie (D:6)
  2 worker ant zombies
  24 gnolls
  8 adders
  3 shadow imps
  3 oozes
  2 adder skeletons
  6 worms
  3 dart slugs
  6 leopard geckos
  96 orcs
  4 bats
  4 giant cockroaches
  6 goblins
  18 hobgoblins
  8 jackals
  23 kobolds
  6 quokkas
  3 frilled lizards
  A quokka skeleton (D:7)
  12 rats
  11 fungi
  4 plants
868 creatures vanquished.

Vanquished Creatures (collateral kills)
  A hydra (Lair:6)
  2 death yaks (Lair:6)
  2 manticores (D:8)
  An elephant (Lair:6)
  2 polar bears (D:8)
  A dream sheep (Lair:6)
  A hog (D:8)
  6 killer bees (D:9)
  2 hounds (D:8)
  2 worker ants (Lair:6)
20 creatures vanquished.

Vanquished Creatures (others)
  A water moccasin (Lair:4)
  A porcupine (Lair:5)
  A wolf (Lair:4)
  66 fungi
  8 plants
77 creatures vanquished.

Grand Total: 965 creatures vanquished

Notes
Turn   | Place    | Note
-------+----------+-------------------------------------------
     0 | D:1      | sanboga the Gargoyle Berserker began the quest for the Orb.
     0 | D:1      | Reached XP level 1. HP: 14/14 MP: 1/1
    91 | D:1      | Reached skill level 3 in Axes
    91 | D:1      | Reached XP level 2. HP: 18/19 MP: 2/2
   396 | D:1      | Reached XP level 3. HP: 23/24 MP: 3/3
   951 | D:2      | Reached ** piety under Trog
  1127 | D:2      | Reached XP level 4. HP: 25/29 MP: 4/4
  1366 | D:2      | Noticed an ogre
  1378 | D:2      | Killed an ogre
  1378 | D:2      | Reached skill level 4 in Axes
  1378 | D:2      | Reached XP level 5. HP: 15/33 MP: 5/5
  1859 | D:3      | Found a white marble altar of Elyvilon.
  2185 | D:3      | Found a faded altar of an unknown god.
  2185 | D:3      | Found a snail-covered altar of Cheibriados.
  2198 | D:3      | Found a sacrificial altar of Ru.
  2201 | D:3      | Found a faded altar of an unknown god.
  2203 | D:3      | Found a radiant altar of Vehumet.
  2398 | D:3      | Found a blossoming altar of Fedhas.
  2399 | D:3      | Found an ancient bone altar of Kikubaaqudgha.
  2401 | D:3      | Reached XP level 6. HP: 39/39 MP: 6/6
  2541 | D:3      | Reached *** piety under Trog
  2673 | D:4      | Noticed Menkaure
  2684 | D:4      | Killed Menkaure
  2684 | D:4      | Reached skill level 5 in Axes
  3009 | D:4      | Reached skill level 5 in Fighting
  3017 | D:4      | Reached XP level 7. HP: 35/44 MP: 7/7
  3110 | D:4      | Noticed Natasha
  3117 | D:4      | Killed Natasha
  3124 | D:4      | Found a hazy altar of Hepliaklqana.
  3136 | D:4      | Noticed sanboga's ghost (amateur TrVM)
  3137 | D:4      | Noticed Natasha
  3138 | D:4      | Found a staircase to the Ecumenical Temple.
  3150 | D:4      | Killed sanboga's ghost
  3155 | D:4      | Killed Natasha
  3171 | D:4      | Reached skill level 5 in Armour
  3228 | D:4      | Reached skill level 6 in Axes
  3275 | D:4      | Found a basalt altar of Yredelemnul.
  3471 | D:4      | Found Pimaapt's Armour Shoppe.
  3580 | D:4      | Noticed Natasha
  3598 | D:4      | Killed Natasha
  3598 | D:4      | Reached XP level 8. HP: 34/51 MP: 8/8
  3752 | D:5      | Entered Level 5 of the Dungeon
  4161 | D:5      | Reached **** piety under Trog
  4277 | D:5      | Noticed Sigmund
  4322 | D:5      | Killed Sigmund
  4322 | D:5      | Reached skill level 7 in Axes
  4503 | D:5      | Noticed Prince Ribbit
  4519 | D:5      | Killed Prince Ribbit
  5132 | D:6      | Found a shattered altar of Ashenzari.
  5187 | D:6      | Reached XP level 9. HP: 52/56 MP: 9/9
  5242 | D:6      | Reached skill level 8 in Axes
  6023 | D:6      | Found a sparkling altar of Nemelex Xobeh.
  6263 | D:7      | Noticed a brown ugly thing
  6278 | D:7      | Killed a brown ugly thing
  6278 | D:7      | Reached skill level 9 in Axes
  6510 | D:7      | Found an opulent altar of Gozag.
  6536 | D:7      | Found an ornate altar of the Wu Jian Council.
  6543 | D:7      | Received a gift from Trog
  6543 | D:7      | Reached XP level 10. HP: 64/64 MP: 10/10
  6836 | D:7      | Noticed a two-headed ogre
  6843 | D:7      | Killed a two-headed ogre
  6843 | D:7      | Reached skill level 10 in Axes
  7560 | D:8      | Received a gift from Trog
  7561 | D:8      | Found a huge runed gate.
  7561 | D:8      | Found a huge runed gate.
  7561 | D:8      | Found a huge runed gate.
  7561 | D:8      | Found a huge runed gate.
  7562 | D:8      | Noticed a manticore
  7562 | D:8      | Noticed a manticore
  7639 | D:8      | Killed a manticore
  7644 | D:8      | Killed a manticore
  7644 | D:8      | Reached XP level 11. HP: 50/71 MP: 11/11
  7833 | D:8      | Reached skill level 11 in Axes
  7836 | D:8      | Found a staircase to the Lair.
  7892 | D:8      | Found an ornate altar of the Wu Jian Council.
  8135 | D:8      | Reached ***** piety under Trog
  8164 | D:8      | Noticed a moth of wrath
  8167 | D:8      | Found a bloodstained altar of Trog.
  8315 | D:9      | Found a flagged portal.
  8388 | Bailey   | Entered a bailey
  8460 | Bailey   | Received a gift from Trog
  8471 | Bailey   | Noticed an orc knight
  8559 | Bailey   | Killed an orc knight
  8559 | Bailey   | Reached skill level 10 in Fighting
  8862 | D:9      | Noticed a two-headed ogre
  8873 | D:9      | Killed a two-headed ogre
  8873 | D:9      | Reached skill level 10 in Armour
  9146 | D:9      | Found a deep blue altar of Sif Muna.
  9291 | D:10     | Entered Level 10 of the Dungeon
  9309 | D:10     | Noticed MayorMcCheese's ghost (journeyman MiBe)
  9324 | D:10     | Killed MayorMcCheese's ghost
  9324 | D:10     | Reached skill level 12 in Axes
  9545 | D:10     | Found Egych's Armour Shoppe.
  9720 | D:10     | Killed an unseen horror
 10120 | Lair:1   | Entered Level 1 of the Lair of Beasts
 10347 | Lair:1   | You fall through a shaft!
 10364 | Lair:1   | Reached XP level 12. HP: 48/79 MP: 12/12
 10541 | Lair:1   | Received a gift from Trog
 10712 | Lair:1   | Noticed Erica
 10722 | Lair:1   | Killed Erica
 10911 | Lair:1   | Reached skill level 14 in Axes
 10911 | Lair:1   | Reached XP level 13. HP: 84/84 MP: 13/13
 11529 | Lair:2   | Found a staircase to the Shoals.
 11797 | Lair:2   | Found a shadowy altar of Dithmenos.
 12428 | Lair:2   | Found a hole to the Spider Nest.
 12891 | Lair:3   | Reached skill level 15 in Axes
 13433 | Lair:3   | Noticed a dire elephant
 13445 | Lair:3   | Killed a dire elephant
 13464 | Lair:3   | Gained mutation: Your large and strong wings let you fly indefinitely. [Gargoyle growth]
 13464 | Lair:3   | Reached XP level 14. HP: 68/92 MP: 14/14
 13948 | Lair:4   | Noticed Harold
 13962 | Lair:4   | Killed Harold
 14438 | Lair:4   | Noticed Josephine
 14448 | Lair:4   | Received a gift from Trog
 14710 | Lair:4   | Reached skill level 16 in Axes
 14963 | Lair:4   | Killed Josephine
 15434 | Lair:5   | Found a staircase to the Slime Pits.
 15728 | Lair:5   | Received a gift from Trog
 16055 | Lair:5   | Noticed Fang's ghost (journeyman GrBe)
 16071 | Lair:5   | Killed Fang's ghost
 16386 | Lair:6   | Entered Level 6 of the Lair of Beasts
 16476 | Lair:6   | Noticed an entropy weaver
 16528 | Lair:6   | Killed an entropy weaver
 16586 | Lair:6   | Reached XP level 15. HP: 49/99 MP: 15/15
 17243 | Lair:6   | Reached skill level 17 in Axes
 17268 | Lair:6   | Reached ****** piety under Trog
 17741 | Lair:6   | Received a gift from Trog
 18889 | D:11     | Found an opulent altar of Gozag.
 18930 | D:11     | Noticed Sonja
 18950 | D:11     | Killed Sonja
 19007 | D:11     | Noticed Rocko1345's ghost (journeyman DsGl)
 19016 | D:11     | Killed Rocko1345's ghost
 19024 | D:11     | Noticed Fannar
 19039 | D:11     | Killed Fannar
 20001 | D:12     | Found Tioc's Gadget Shop.
 20039 | D:12     | Received a gift from Trog
 20134 | D:12     | Found a staircase to the Orcish Mines.
 20139 | D:12     | Found Inne Rai's Assorted Antiques.
 20715 | D:12     | Found Hoebb's Magic Scroll Emporium.
 20731 | D:12     | Found Vynocigo's Assorted Antiques.
 20739 | D:12     | Bought a steaming copper amulet for 195 gold pieces
 20739 | D:12     | Identified the amulet of Ocevu {Reflect rElec Dex+4 SH+2} (You bought it in a shop on level 12 of the Dungeon)
 20789 | D:12     | Found a portal to a secret trove of treasure.
 20860 | Orc:1    | Entered Level 1 of the Orcish Mines
 20870 | Orc:1    | Reached XP level 16. HP: 93/107 MP: 16/16
 21195 | Orc:1    | Found a bloodstained altar of Trog.
 21318 | Orc:2    | Entered Level 2 of the Orcish Mines
 21336 | Orc:2    | Found a staircase to the Elven Halls.
 21402 | Orc:2    | Noticed Azrael
 21404 | Orc:2    | Reached skill level 18 in Axes
 21412 | Orc:2    | Killed Azrael
 22296 | Orc:2    | Received a gift from Trog
 22311 | Orc:2    | Got a faintly glowing broad axe {god gift}
 22312 | Orc:2    | Identified the +1 broad axe "Xoikhluw" {chop, +Fly Int+2} (Trog gifted it to you on level 2 of the Orcish Mines)
 23291 | Orc:2    | Found Xown's Magic Scroll Emporium.
 23291 | Orc:2    | Found Pycy's Distillery.
 23292 | Orc:2    | Found Suibrid's Assorted Antiques.
 23292 | Orc:2    | Found Tuirryah's Jewellery Shoppe.
 23310 | Orc:2    | Bought a potion of invisibility for 136 gold pieces
 23312 | Orc:2    | Bought a scroll labeled OBYEDGH ZEFFIH for 30 gold pieces
 23988 | D:13     | Reached skill level 15 in Fighting
 24113 | D:13     | Noticed Urug
 24128 | D:13     | Killed Urug
 24464 | D:13     | Received a gift from Trog
 24480 | D:13     | Reached skill level 15 in Armour
 24787 | D:14     | Found a labyrinth entrance.
 24796 | Lab      | Entered a labyrinth
 25427 | D:14     | Found a bloodstained altar of Trog.
 25562 | D:14     | Mangled by a titanic slime creature

Skill      XL: |  1  2  3  4  5  6  7  8  9 10 11 12 13 14 15 16 |
---------------+-------------------------------------------------+-----
Axes           | 3 4 5 6 7 9 10 12 14 15 16 17 18 | 18.6
Armour         | 3 4 5 6 7 9 10 12 13 14 15 | 15.1
Fighting       | 4 5 6 8 9 10 11 12 13 14 15 | 15.2
Dodging        | |  1.5

Action                   |  1- 3 |  4- 6 |  7- 9 | 10-12 | 13-15 | 16-18 || total
-------------------------+-------+-------+-------+-------+-------+-------++-------
Melee: Hand axe          |   106 |   168 |   511 |    51 |       |       ||   836
       Battleaxe         |       |       |       |   447 |   984 |   450 ||  1881
Invok: Berserk           |       |     3 |     5 |     7 |     8 |     2 ||    25
       Burn Spellbooks   |       |     1 |     1 |     2 |     1 |     1 ||     6
       Brothers in Arms  |       |       |       |     2 |     2 |       ||     4
       Trog's Hand       |       |       |       |       |     1 |       ||     1
 Abil: Fly               |       |       |       |       |     1 |       ||     1
Evoke: Wand              |       |       |       |     1 |     8 |     1 ||    10
  Use: Scroll            |     4 |     2 |     8 |    10 |     8 |     5 ||    37
       Potion            |       |       |     1 |     3 |     6 |       ||    10
 Stab: Petrified         |       |       |       |       |     5 |       ||     5
  Eat: Chunk             |     1 |     8 |    18 |    15 |    59 |     6 ||   107
       Ration            |       |       |       |     2 |     2 |     1 ||     5
Armor: Animal skin       |     9 |       |       |       |       |       ||     9
       Plate armour      |    59 |   129 |   312 |   498 |   938 |   299 ||  2235
Dodge: Dodged            |    40 |    77 |   107 |   223 |   455 |   141 ||  1043
Block: Other             |       |       |       |       |       |    30 ||    30
       Reflection        |       |       |       |       |       |     4 ||     4
